 Dungeon Crawl Stone Soup version 0.30-a0-726-gd89dcf765f (webtiles) character file.

Game seed: 3677821789025126193

60 timneilson the Covered (level 4, -2/28 HPs)
             Began as a Gargoyle Fighter on Jan 29, 2023.
             Slain by Crazy Yiuf
             ... wielding a +4 quarterstaff of chaos
              (10 damage)
             ... on level 2 of the Dungeon.
             The game lasted 00:02:39 (1530 turns).

timneilson the Covered (Gargoyle Fighter)           Turns: 1530, Time: 00:02:40

Health: -2/28      AC: 18    Str: 21    XL:     4   Next: 4%
Magic:  4/4        EV: 10    Int:  5    God:
Gold:   91         SH:  5    Dex: 11    Spells: 3/3 levels left

rFire   + . .      SeeInvis .    a - +0 long sword
rCold   + . .      Faith    .    c - +1 buckler
rNeg    + + .      Spirit   .    f - +7 ring mail of Failure {rN+ Int-4 Dex+2}
rPois   ∞          Reflect  .    e - +2 hat
rElec   +          Harm     .    (no cloak)
rCorr   +          Rampage  .    (no gloves)
Will    .....                    (no boots)
Stlth   +                        (no amulet)
HPRegen 0.24/turn                (no ring)
MPRegen 0.09/turn                (no ring)

@: resistant
A: sickness immunity, AC +3, negative energy resistance 1, electricity
resistance, torment resistance 1, petrification resistance
a: no special abilities


You were on level 2 of the Dungeon.
You visited 1 branch of the dungeon, and saw 2 of its levels.

You collected 91 gold pieces.

Inventory:

Hand Weapons
 a - a +0 long sword (weapon)
Armour
 c - a +1 buckler (worn)
 e - a +2 hat (worn)
 f - the +7 ring mail of Failure (worn) {rN+ Int-4 Dex+2}
   (You found it on level 2 of the Dungeon)

   Int:       It affects your intelligence (-4).
   Dex:       It affects your dexterity (+2).
   rN:        It protects you from negative energy.
Scrolls
 b - a scroll of enchant armour
Potions
 d - a potion of might
 g - 2 potions of lignification
 h - 2 potions of ambrosia
 j - a potion of magic {unknown}
 l - a potion of invisibility {unknown}
 m - a potion of flight {unknown}


   Skills:
 + Level 3.5 Fighting
 * Level 2.4 Long Blades
 * Level 4.0 Armour
 + Level 0.6 Dodging
 * Level 3.8 Shields


You had 3 spell levels left.
You didn't know any spells.
Your spell library contained the following spells:

 Spells                   Type           Power      Damage    Failure   Level
 Ensorcelled Hibernation  Hex/Ice        0%         N/A       86%         2
 Passwall                 Tmut/Erth      0%         N/A       86%         2
 Ignite Poison            Fire/Tmut/Pois 0%         N/A       98%         3
 Swiftness                Air            0%         N/A       98%         3
 Sticky Flame             Conj/Fire      0%         2d3       100%        4
 Iskenderun's Battlesphe  Conj           0%         2d6       100%        5
 Iron Shot                Conj/Erth      0%         9d1       100%        6
 Spellforged Servitor     Conj/Summ      0%         N/A       100%        7
 Ignition                 Fire           0%         3d3       100%        8


Dungeon Overview and Level Annotations

Branches:
Dungeon (2/15)

Altars:

Annotations:
D:2 Crazy Yiuf


Innate Abilities, Weirdness & Mutations

You are immune to sickness and miasma.
Your stone body is resilient. (AC +3)
You are immune to poison.
You resist negative energy. (rN+)
You are resistant to electric shocks. (rElec)
You are resistant to unholy torment.
You are immune to petrification.


Message History

Crazy Yiuf is moderately wounded.
You block Crazy Yiuf's attack.
You barely miss Crazy Yiuf.
Crazy Yiuf is moderately wounded.
Crazy Yiuf hits you with a +4 quarterstaff of chaos.
You closely miss Crazy Yiuf.
Crazy Yiuf is moderately wounded.
You block Crazy Yiuf's attack. Crazy Yiuf misses you.
You completely miss Crazy Yiuf.
Crazy Yiuf is moderately wounded.
Crazy Yiuf hits you with a +4 quarterstaff of chaos!
You resist with some effort.
You hit Crazy Yiuf but do no damage.
Crazy Yiuf is moderately wounded.
Crazy Yiuf barely misses you.
You hit Crazy Yiuf.
Crazy Yiuf is heavily wounded.
Crazy Yiuf grits, "Defame tired snail!"
Crazy Yiuf hits you with a +4 quarterstaff of chaos.
Crazy Yiuf burns you. Crazy Yiuf barely misses you.
You hit Crazy Yiuf.
Crazy Yiuf is severely wounded.
Crazy Yiuf hits you with a +4 quarterstaff of chaos.
You hit Crazy Yiuf.
Crazy Yiuf is almost dead.
Crazy Yiuf hits you with a +4 quarterstaff of chaos.
* * * LOW HITPOINT WARNING * * *
You feel protected. Crazy Yiuf closely misses you.
You closely miss Crazy Yiuf.
Crazy Yiuf is almost dead.
Crazy Yiuf flaps his cloak.
Crazy Yiuf misses you.
You hit Crazy Yiuf but do no damage.
Crazy Yiuf is almost dead.
Crazy Yiuf drinks a potion.
Crazy Yiuf is healed!
You barely miss Crazy Yiuf.
Crazy Yiuf is severely wounded.
Crazy Yiuf hits you with a +4 quarterstaff of chaos!
You die...

...###.#####
#+..+###...........
...........# #...)#
#.##..###### ###........#
#)...# #.##.## #
#.†......# ##)..# #.##.#
# #........# ##.## #.##.#
# #........# ##.# #'##.#
# #........# #.## #....#
# #........# ##.# #....#
# #........# #@## #>...#
# #........# #g#
#....####### #........#
... #....##.....
#........# #...#
#....##..... #######..#
#)..# #....##....^ #..#
##### #....##..... #..#
#....##.....
#..###########..####.....
#........#......# #.....


You could see Crazy Yiuf.

Vanquished Creatures
  A worm (D:2)
  3 dart slugs (D:1)
  5 ball pythons
  6 endoplasms (D:1)
  A giant cockroach (D:2)
  5 goblins
  2 hobgoblins
  6 jackals
  2 quokkas (D:1)
  5 bats
  2 frilled lizards
  4 kobolds
  4 rats
46 creatures vanquished.

Notes
Turn   | Place    | Note
-------+----------+-------------------------------------------
     0 | D:1      | timneilson the Gargoyle Fighter began the quest for the
                  | Orb.
     0 | D:1      | Reached XP level 1. HP: 14/14 MP: 1/1
   188 | D:1      | Reached XP level 2. HP: 17/19 MP: 2/2
   369 | D:1      | Reached XP level 3. HP: 18/23 MP: 3/3
   957 | D:2      | Identified the +7 ring mail of Failure {rN+ Int-4 Dex+2}
  1057 | D:2      | Found a runed translucent door.
  1058 | D:2      | Noticed Crazy Yiuf
  1253 | D:2      | Reached XP level 4. HP: 28/28 MP: 4/4
  1379 | D:2      | Reached skill level 4 in Armour
  1530 | D:2      | Slain by Crazy Yiuf

Illustrated notes

Levels and vault maps discovered:
D:1:      minmay_arrival_glassed_features, layout_loops_ring,
          minmay_tetromino_t2
D:2:      layout_basic, uniq_crazy_yiuf_cottage

Skill      XL: |  1  2  3  4 |
---------------+-------------+-----
Long Blades    | 2 |  2.4
Armour         | 4 |  4.0
Fighting       | |  3.5
Dodging        | |  0.6
Shields        | |  3.8

Action                     |  1- 3 |  4- 6 || total
---------------------------+-------+-------++-------
  Melee: Long sword        |   161 |    23 ||   184
    Use: Scroll            |     5 |     4 ||     9
 Armour: Scale mail        |    68 |       ||    68
         Ring mail         |    15 |     4 ||    19
         Chain mail        |    14 |       ||    14
         Skin              |     3 |       ||     3
  Dodge: Dodged            |    93 |    10 ||   103
  Block: Buckler           |    47 |     4 ||    51

Table legend: (Time is in decaauts)
 A = Elapsed time spent in this place.
 B = Non-inter-level travel time spent in this place.
 C = Inter-level travel time spent in this place.
 D = Time resting spent in this place.
 E = Time spent auto-exploring this place.
 F = Levels seen in this place.
 G = Mean time per level.
                   A        B        C        D        E       F      G
               +--------+--------+--------+--------+--------+-----+--------+
         Total |   1589 |   1533 |     56 |      0 |   1090 |   2 |  794.5 |
       Dungeon |   1589 |   1533 |     56 |      0 |   1090 |   2 |  794.5 |
               +--------+--------+--------+--------+--------+-----+--------+

Top non-repeatable levels by time:
     D:1: 972 daAuts
     D:2: 617 daAuts
